 Dungeon Crawl Stone Soup version 0.30.0-5-g1a98f26d00 (webtiles) character file.

Game seed: 1867403258500157675

5509 fozzywoppz the Protected (level 10, -1/93 HPs)
             Began as a Minotaur Fighter on May 9, 2023.
             Was a Priest of Okawaru.
             Collided with a rock wall (2 damage)
             ... caused by Erica
             ... on level 8 of the Dungeon.
             The game lasted 00:16:28 (7792 turns).

fozzywoppz the Protected (Minotaur Fighter)         Turns: 7792, Time: 00:16:29

Health: -1/93      AC: 16    Str: 23    XL:     10   Next: 43%
Magic:  10/10      EV: 16    Int:  5    God:    Okawaru [***...]
Gold:   1463       SH: 11    Dex: 12    Spells: 9/9 levels left

rFire   . . .        n - +3 broad axe (elec)
rCold   . . .        p - +1 kite shield
rNeg    . . .        J - +3 ring mail
rPois   +            (helmet restricted)
rElec   .            A - +0 cloak
rCorr   .            h - +2 pair of gloves
SInv    .            r - +0 pair of boots
Will    .....        (no amulet)
Stlth   +            E - ring of poison resistance
HPRegen 0.35/turn    F - +5 ring of evasion
MPRegen 0.12/turn

%: no passive effects
@: lethally poisoned (-1 -> -2), slowed, very slow
A: horns 2, retaliatory headbutt
a: Renounce Religion, Heroism


You were on level 8 of the Dungeon.
You worshipped Okawaru.
Okawaru was most pleased with you.
You visited 2 branches of the dungeon, and saw 9 of its levels.
You also visited: Bailey.

You collected 1463 gold pieces.

Inventory:

Hand Weapons
 a - a +0 broad axe
 n - a +3 broad axe of electrocution (weapon)
 G - the +5 hand axe "Bomnesmu" {freeze, rF- Str+5 SInv Stlth+}
   (You found it on level 7 of the Dungeon)

   Str:       It affects your strength (+5).
   rF:        It makes you vulnerable to fire.
   SInv:      It lets you see invisible.
   Stlth:     It makes you more stealthy.
Missiles
 B - 4 silver javelins
 H - 11 boomerangs (quivered)
Armour
 h - a +2 pair of gloves (worn)
 p - a +1 kite shield (worn)
 r - a +0 pair of boots (worn)
 A - a +0 cloak (worn)
 J - a +3 ring mail (worn)
 K - a +0 chain mail
Jewellery
 i - a +6 ring of intelligence
 s - a ring of willpower
 u - a ring of protection from fire
 E - a ring of poison resistance (left hand)
 F - a +5 ring of evasion (right hand)
Wands
 o - a wand of flame (17)
 y - a wand of paralysis (6)
Scrolls
 c - 2 scrolls of poison {unknown}
 l - 2 scrolls of vulnerability
 m - 3 scrolls of teleportation
 w - 2 scrolls of enchant armour
 x - a scroll of fear
 z - a scroll of torment
 C - 2 scrolls of immolation {unknown}
 D - a scroll of fog
 M - a scroll of magic mapping
Potions
 b - a potion of resistance {unknown}
 d - 3 potions of might
 e - 4 potions of flight
 f - 3 potions of mutation
 g - a potion of lignification
 j - 10 potions of curing
 k - 4 potions of brilliance
 q - 2 potions of invisibility
 t - a potion of berserk rage
 v - 3 potions of heal wounds
 I - a potion of ambrosia {unknown}
 L - 4 potions of haste {unknown}


   Skills:
 - Level 10.0 Fighting
 + Level 9.9 Axes
 - Level 10.0 Armour
 + Level 4.5 Dodging
 - Level 8.0 Shields
 + Level 2.5 Invocations


You had 9 spell levels left.
You didn't know any spells.
Your spell library contained the following spells:

 Spells                   Type           Power      Damage    Failure   Level
 Magic Dart               Conj           0%         1d3       83%         1
 Searing Ray              Conj           0%         2d4       92%         2
 Hailstorm                Conj/Ice       0%         3d3       99%         3
 Vhi's Electric Charge    Tloc/Air       0%         N/A       99%         3
 Fulminant Prism          Conj/Hex       0%         3d5       100%        4
 Ice Form                 Ice/Tmut       0%         N/A       100%        4
 Arcjolt                  Conj/Air       0%         1d10      100%        5
 Maxwell's Capacitive Co  Air            0%         ∞         100%        8
 Simulacrum               Ice/Necr       Unusable   N/A       N/A         6

Dungeon Overview and Level Annotations

Branches:
Dungeon (8/15)             Temple (1/1) D:6          Bailey (visited)
   Lair: D:8-11

Altars:
Ashenzari
Cheibriados
Dithmenos
Fedhas
Gozag
Hepliaklqana
Kikubaaqudgha
Makhleb
Nemelex Xobeh
Okawaru
Qazlal
Ru
Sif Muna
Trog
Uskayaw
Vehumet
Wu Jian
Xom
Yredelemnul
Zin
The Shining One

Shops:
D:1 (

Annotations:
D:5 3 runed translucent doors, safid's ghost, novice MfIE
D:8 Erica


Innate Abilities, Weirdness & Mutations

You have a pair of horns on your head.
You reflexively headbutt those who attack you in melee.


Message History

Deactivating autopickup; reactivate with Ctrl-A.
Pikel hits you but does no damage.
Unknown command.
You slice Pikel!! You headbutt Pikel.
You kill Pikel!
Okawaru is honoured by your kill.
You closely miss something.
With Pikel's spell broken, his former minion thanks you for its freedom.
The lemure departs this earthly plane.
You hear some strange, mumbled words.
A bolt of poison appears from out of thin air!
The bolt of poison hits you. You resist.
You hear some strange, mumbled words.
You feel yourself slow down.
Your Invocations skill increases to level 2!
You miss something. Something barely misses you.
You barely miss something.
You hear some strange, mumbled words.
A bolt of poison appears from out of thin air!
The bolt of poison hits you.
You are poisoned.
You resist. Something hits you. Something burns you.
You barely miss something. Your headbutt misses something.
You feel very sick. Something hits you but does no damage. Something hits you!
Something burns you.
Unknown command.
You miss something.
You feel very sick. Something hits you but does no damage. Something hits you.
Something burns you.
You slash something! Lightning courses through something!
Your headbutt misses something.
You feel sick. Something hits you. Something burns you. Something hits you!
Something burns you.
You closely miss something.
You feel sick.
You hear some strange, mumbled words.
A lance of force appears from out of thin air!
The lance of force hits you!!
* * * LOW HITPOINT WARNING * * *
You are knocked back by the lance of force.
You slam into the rock wall!
You die...

.............###########
###...######.#
#(..#......#
#...#......#
#...'......#####
#...#......#...#
#...#......#...+
#...#......#.))#
#)..#......'.{@#
#...#.....)###+#
#...#######.o..... .<...
....... ....... ..{....
..5.... ....... .o...K.


There were no monsters in sight!

Vanquished Creatures
  Pikel (D:8)
  An orc knight (Bailey)
  A gargoyle (D:8)
  Prince Ribbit (D:8)
  2 steam dragons
  A water moccasin (D:5)
  2 black bears (D:6)
  5 orc warriors (Bailey)
  An ice beast (D:6)
  3 sky beasts (D:7)
  An ogre (D:4)
  A centaur (D:7)
  4 phantoms
  Blork the orc (D:4)
  4 bullfrogs
  6 scorpions
  6 wights (D:7)
  6 killer bees (D:8)
  2 howler monkeys (D:7)
  3 hounds
  2 jellies
  4 orc priests
  2 iguanas
  6 orc wizards
  4 sleepcaps
  4 gnolls (D:4)
  11 adders
  A shadow imp (D:8)
  2 white imps
  2 ufetubi
  3 worms
  3 dart slugs
  40 orcs
  17 ball pythons
  5 bats
  2 bat zombies (D:3)
  10 endoplasms
  3 giant cockroaches
  7 hobgoblins
  8 jackals
  6 quokkas
  2 frilled lizards
  14 goblins
  27 kobolds
  7 rats
  2 rat zombies (D:3)
246 creatures vanquished.

Notes
Turn   | Place    | Note
-------+----------+-------------------------------------------
     0 | D:1      | fozzywoppz the Minotaur Fighter began the quest for the
                  | Orb.
     0 | D:1      | Reached XP level 1. HP: 19/19 MP: 0/0
   209 | D:1      | Reached XP level 2. HP: 27/27 MP: 1/1
   413 | D:1      | Found Calynuy's Weapon Emporium.
   456 | D:1      | Reached XP level 3. HP: 33/33 MP: 2/2
  1391 | D:2      | Reached XP level 4. HP: 40/40 MP: 3/3
  1889 | D:2      | Found a faded altar of an unknown god.
  2385 | D:3      | Found a snail-covered altar of Cheibriados.
  2406 | D:3      | Reached XP level 5. HP: 45/47 MP: 4/4
  2646 | D:3      | Found an ancient bone altar of Kikubaaqudgha.
  2749 | D:3      | Found a hide-covered altar of Uskayaw.
  2749 | D:3      | Found a glowing silver altar of Zin.
  3193 | D:4      | Noticed an ogre
  3205 | D:4      | Reached skill level 5 in Armour
  3208 | D:4      | Reached skill level 5 in Fighting
  3208 | D:4      | Reached skill level 5 in Shields
  3273 | D:4      | Noticed Blork the orc
  3281 | D:4      | Reached XP level 6. HP: 47/56 MP: 5/5
  3286 | D:4      | Killed Blork the orc
  3626 | D:4      | Reached skill level 5 in Axes
  3680 | D:4      | Found a hazy altar of Hepliaklqana.
  3793 | D:4      | Reached XP level 7. HP: 43/62 MP: 6/6
  4068 | D:5      | Entered Level 5 of the Dungeon
  4573 | D:5      | Found a runed translucent gate.
  4579 | D:5      | Found a runed translucent gate.
  4579 | D:5      | Found a runed translucent gate.
  4590 | D:5      | Noticed safid's ghost (novice MfIE)
  4594 | D:5      | Found a sparkling altar of Nemelex Xobeh.
  4594 | D:5      | Found a shadowy altar of Dithmenos.
  4599 | D:5      | Reached XP level 8. HP: 71/71 MP: 7/7
  5453 | D:6      | Found a staircase to the Ecumenical Temple.
  5487 | Temple   | Entered the Ecumenical Temple
  5497 | Temple   | Became a worshipper of Warmaster Okawaru
  5897 | D:7      | Identified a scroll of acquirement
  5897 | D:7      | Acquired a +2 broad axe of electrocution
  5916 | D:7      | Reached XP level 9. HP: 49/81 MP: 8/8
  5942 | D:7      | Found a stormy altar of Qazlal.
  5971 | D:7      | Found a bloodstained altar of Trog.
  5993 | D:7      | Reached * piety under Okawaru
  6016 | D:7      | Found a flagged portal.
  6020 | D:7      | Identified the +5 hand axe "Bomnesmu" {freeze, rF- Str+5
                  | SInv Stlth+}
  6036 | Bailey   | Entered a bailey
  6125 | Bailey   | Noticed an orc knight
  6278 | Bailey   | Reached skill level 1 in Dodging
  6489 | Bailey   | Killed an orc knight
  6489 | Bailey   | Reached ** piety under Okawaru
  7186 | D:7      | Reached XP level 10. HP: 77/91 MP: 9/9
  7437 | D:8      | Noticed Prince Ribbit
  7458 | D:8      | Killed Prince Ribbit
  7470 | D:8      | Noticed a gargoyle
  7475 | D:8      | Killed a gargoyle
  7476 | D:8      | Reached skill level 1 in Invocations
  7541 | D:8      | Reached *** piety under Okawaru
  7546 | D:8      | Reached skill level 10 in Armour
  7581 | D:8      | Reached skill level 10 in Fighting
  7759 | D:8      | Noticed Erica
  7759 | D:8      | Noticed Pikel
  7786 | D:8      | Killed Pikel
  7792 | D:8      | HP: 1/93 [something/lance of force (28)]
  7792 | D:8      | Collided with a rock wall

Illustrated notes

Levels and vault maps discovered:
D:1:      elethiomel_arrival_infinity_welcomes_careful_drivers,
          layout_loops_ring, serial_shops, shop, minmay_shallow_snake_nest
D:2:      layout_basic, hellmonk_ecumenical_altar_slurped_away
D:3:      layout_basic, cheibriados_altar_1, lemuel_zombie_altar_kikubaaqudgha,
          gammafunk_temple_overflow_pools, chequers_serial_rivers_small_a,
          minmay_randomly_rotated_circles
D:4:      layout_gridville, lemuel_doored_altar, minmay_puff, uniq_blork_the_orc
D:5:      layout_gridville, chequers_temple_overflow_statue_of_worship,
          gammafunk_ghost_necromancy, glass_columns_b
D:6:      layout_loops_ring, temple_hall, amcnicky_mini_corridor_feature
D:7:      layout_basic, nicolae_qazlal_beasts_of_the_sky, bloody_trog,
          enter_bailey_2
D:8:      layout_gridville, uniq_erica, uniq_prince_ribbit1, uniq_pikel
Temple:   hellmonk_temple_two_chambers

Skill      XL: |  1  2  3  4  5  6  7  8  9 10 |
---------------+-------------------------------+-----
Fighting       | 4 5 6 7 9 10 | 10.0
Armour         | 4 5 6 8 9 10 | 10.0
Shields        | 4 5 6 7 8 |  8.0
Axes           | 3 4 5 6 7 9 |  9.9
Dodging        | 3 4 |  4.5
Invocations    | 2 |  2.5

Action                     |  1- 3 |  4- 6 |  7- 9 | 10-12 || total
---------------------------+-------+-------+-------+-------++-------
  Melee: War axe           |    82 |   172 |   182 |       ||   436
         Headbutt          |    11 |    25 |    53 |    10 ||    99
         Broad axe         |       |       |   100 |    58 ||   158
  Throw: Boomerang         |       |       |     2 |     2 ||     4
    Use: Scroll            |       |     1 |    15 |       ||    16
         Potion            |       |       |       |     1 ||     1
 Armour: Scale mail        |    48 |    97 |   127 |       ||   272
         Ring mail         |       |       |     7 |    24 ||    31
  Dodge: Dodged            |    38 |    90 |   163 |    34 ||   325
  Block: Buckler           |    12 |       |       |       ||    12
         Kite shield       |    16 |   118 |   174 |    30 ||   338
